 Dungeon Crawl Stone Soup version 0.16-a0-100-g0188e4c (webtiles) character file.

116 HiobMontag the Chiller (level 5, -3/28 HPs)
             Began as a Kobold Ice Elementalist on Aug 9, 2014.
             Was an Initiate of the Shining One.
             Slain by wullow's ghost (12 damage)
             ... on Level 3 of the Dungeon.
             The game lasted 00:32:42 (4093 turns).

HiobMontag the Chiller (Kobold Ice Elementalist)    Turns: 4093, Time: 00:32:42

HP  -3/28        AC 12     Str  6      XL: 5   Next: 21%
MP   3/10        EV 16     Int 17      God: the Shining One [......]
Gold 236         SH  0     Dex 17      Spells:  3 memorised,  3 levels left

rFire  . . .     SeeInvis .     (no weapon)
rCold  . . .     Clarity  .     a - +0 robe
rNeg   . . .     rCorr    .     (no shield)
rPois  .         rRot     .     (no helmet)
rElec  .         Spirit   .     (no cloak)
SustAb .         Warding  .     r - +2 pair of gloves
rMut   .         Stasis   .     l - +1 pair of boots
Gourm  .                        (no amulet)
MR     .....                    (no ring)
                                g - +3 ring of intelligence

@: icy armour, not resistant to hostile enchantments, fairly stealthy
A: carnivore 3
a: Renounce Religion


You were on level 3 of the Dungeon.
You worshipped the Shining One.
The Shining One was noncommittal.
You were hungry.

You visited 1 branch of the dungeon, and saw 3 of its levels.

You collected 236 gold pieces.

Inventory:

Hand weapons
 t - a +2 vampiric hand axe
Missiles
 h - 9 tomahawks (quivered)
Armour
 a - a +0 robe (worn)
 i - a +0 leather armour of cold resistance
 l - a +1 pair of boots (worn)
 r - a +2 pair of gloves (worn)
Magical devices
 w - a wand of frost (5)
Comestibles
 c - 3 meat rations
Scrolls
 j - a scroll of magic mapping {unknown}
 n - a scroll of fog {unknown}
 p - 4 scrolls of remove curse {unknown}
 q - a scroll of teleportation {unknown}
Jewellery
 g - a +3 ring of intelligence (left hand)
Potions
 d - 2 potions of curing {unknown}
 e - 2 potions of invisibility
 f - a potion of experience {unknown}
 k - a potion of cancellation {unknown}
 m - 2 potions of flight
 o - a potion of mutation {unknown}
 s - 2 potions of haste {unknown}
Books
 b - a book of Frost

   Spells                             Type                      Level
   *Freeze                            Ice                          1
   *Throw Frost                       Conjuration/Ice              2
   *Ozocubu's Armour                  Charms/Ice                   3
   Throw Icicle                       Conjuration/Ice              4
   Summon Ice Beast                   Ice/Summoning                4
   Condensation Shield                Ice                          4


   Skills:
 + Level 0.4 Fighting
 + Level 2.8 Dodging
 + Level 2.9 Stealth
 + Level 2.8 Spellcasting
 + Level 1.1 Conjurations
 + Level 0.2 Charms
 + Level 4.5 Ice Magic


You had 3 spell levels left.
You knew the following spells:

 Your Spells              Type           Power        Failure   Level  Hunger
a - Freeze                Ice            ###.         2%          1    #......
b - Throw Frost           Conj/Ice       ##....       10%         2    ##.....
c - Ozocubu's Armour      Chrm/Ice       ##......     21%         3    ###....


Dungeon Overview and Level Annotations

Branches:
Dungeon (3/15)

Altars:
Gozag
Kikubaaqudgha
Trog
The Shining One

Annotations:
D:3 wullow's ghost, average GrFi


Innate Abilities, Weirdness & Mutations

You are small and have problems with some larger weapons.
You are carnivorous and can eat meat at any time.


Message History

Aiming: Freeze
Press: ? - help, Shift-Dir - straight line, f/p - wullow's ghost
Aim: wullow's ghost You freeze wullow's ghost.
Wullow's ghost is moderately damaged.
Your icy armour starts to melt.
Wullow's ghost hits you!
Casting: Freeze
Confirm with . or Enter, or press ? or * to list all spells.
Aiming: Freeze
Press: ? - help, Shift-Dir - straight line, f/p - wullow's ghost
Aim: wullow's ghost (moderately damaged)
You freeze wullow's ghost.
Wullow's ghost is moderately damaged.
Your icy armour evaporates.
Wullow's ghost hits you!
Casting: Freeze
Confirm with . or Enter, or press ? or * to list all spells.
A film of ice covers your body! Wullow's ghost hits you!
You die...

.#............#.........#
.................#......#
.#########.#####'########
............##......#
.............#......#
.............#......#
...######....#......#
..... #....#......#
...... #....#..@...#
...## #....#..W.(.# ....
#....#......# ....
#....#......# .
#....#......#
#....#......#
#....#......#
#....#......#
#....###'###########


You could see wullow's ghost.

Vanquished Creatures
  3 gnolls (D:2)
  A worm (D:1)
  3 orcs (D:3)
  8 bats
  9 goblins
  9 hobgoblins
  6 jackals (D:3)
  5 kobolds
  A quokka (D:2)
  6 giant cockroaches
  4 giant geckos
  4 giant newts
  13 rats
72 creatures vanquished.

Notes
Turn   | Place    | Note
--------------------------------------------------------------
     0 | D:1      | HiobMontag, the Kobold Ice Elementalist, began the quest for the Orb.
     0 | D:1      | Reached XP level 1. HP: 10/10 MP: 3/3
   284 | D:1      | Reached XP level 2. HP: 9/15 MP: 1/4
   320 | D:1      | Learned a level 2 spell: Throw Frost
  1023 | D:1      | Found a glowing golden altar of the Shining One.
  1049 | D:1      | Became a worshipper of the Shining One
  1115 | D:1      | Reached skill level 1 in Conjurations
  1115 | D:1      | Reached XP level 3. HP: 19/19 MP: 0/6
  1567 | D:1      | Learned a level 3 spell: Ozocubu's Armour
  1924 | D:1      | Reached XP level 4. HP: 20/24 MP: 0/8
  2075 | D:2      | Found a bloodstained altar of Trog.
  2133 | D:2      | Reached skill level 4 in Ice Magic
  3281 | D:2      | Found an opulent altar of Gozag.
  3281 | D:2      | Found an ancient bone altar of Kikubaaqudgha.
  3461 | D:3      | Reached XP level 5. HP: 28/28 MP: 1/9
  3808 | D:3      | Noticed wullow's ghost (average GrFi)
  4093 | D:3      | Slain by wullow's ghost

Action                   |  1- 3 |  4- 6 || total
-------------------------+-------+-------++-------
Melee: Unarmed           |     1 |       ||     1
Throw: Tomahawk          |       |    13 ||    13
 Cast: Freeze            |    64 |    27 ||    91
       Throw Frost       |     7 |    33 ||    40
       Ozocubu's Armour  |     2 |    14 ||    16
  Use: Scroll            |     3 |     6 ||     9
  Eat: Chunk             |     5 |     9 ||    14
